 Dungeon Crawl Stone Soup version 0.29-a0-885-gb26ba3297d (webtiles) character file.

Game seed: 14656381031861344673

4 vianneychevalier the Trooper (level 1, -1/20 HPs)
             Began as a Minotaur Monk on July 20, 2022.
             Slain by a quokka (5 damage)
             ... on level 1 of the Dungeon.
             The game lasted 00:03:08 (48 turns).

vianneychevalier the Trooper (Minotaur Monk)          Turns: 48, Time: 00:03:08

Health: -1/20      AC:  2    Str: 15    XL:     1   Next: 58%
Magic:  0/0        EV: 13    Int:  7    God:
Gold:   0          SH:  0    Dex: 12    Spells: 0/0 levels left

rFire   . . .      SeeInvis .   a - +0 spear
rCold   . . .      Faith    .   (no shield)
rNeg    . . .      Spirit   .   b - +0 robe
rPois   .          Reflect  .   (helmet restricted)
rElec   .          Harm     .   (no cloak)
rCorr   .          Rampage  .   (no gloves)
Will    .....                   (no boots)
Stlth   ++........              (no amulet)
HPRegen 0.06/turn               (no ring)
MPRegen 0.07/turn               (no ring)

@: no status effects
A: horns 2, retaliatory headbutt
a: no special abilities


You were on level 1 of the Dungeon.
You visited 1 branch of the dungeon, and saw 1 of its levels.

Inventory:

Hand Weapons
 a - a +0 spear (weapon)
Armour
 b - a +0 robe (worn)
Potions
 c - a potion of ambrosia


   Skills:
 + Level 3.7 Fighting
 + Level 3.7 Polearms
 + Level 3.4 Dodging
 + Level 1.5 Stealth


You couldn't memorise any spells.
You didn't know any spells.
Your spell library was empty.

Dungeon Overview and Level Annotations

Branches:
Dungeon (1/15)

Altars:


Innate Abilities, Weirdness & Mutations

You have a pair of horns on your head.
You reflexively headbutt those who attack you in melee.


Message History

A bat comes into view.
The goblin hits you with a +0 dagger. The jackal completely misses you.
You furiously retaliate!
You headbutt the jackal.
The bat moves out of view.
Okay, then.
The goblin hits you with a +0 dagger. The jackal closely misses you. x2
You furiously retaliate!
You headbutt the jackal.
You kill the jackal!
A kobold comes into view. It is wielding a +0 club.
The quokka misses you.
The jackal barks!
You hit the goblin.
The goblin is moderately wounded.
The quokka barely misses you. The jackal closely misses you.
You furiously retaliate!
You headbutt the jackal.
You kill the jackal!
The goblin hits you with a +0 dagger.
You completely miss the goblin.
The goblin is moderately wounded.
The quokka closely misses you. The jackal barely misses you.
You furiously retaliate!
You headbutt the jackal. The goblin hits you but does no damage.
You hit the goblin.
You kill the goblin!
The jackal bites you. The quokka bites you. The jackal closely misses you.
You hit the jackal but do no damage.
The jackal is moderately wounded.
The quokka bites you.
A goblin comes into view. It is wielding a +0 dagger.
The jackal bites you. The dart slug bites you.
* * * LOW HITPOINT WARNING * * *
You are too injured to fight recklessly!
You are too injured to fight recklessly!
You are too injured to fight recklessly!
The kobold attacks as you move away! The kobold barely misses you.
You furiously retaliate!
You headbutt the kobold!
You kill the kobold!
The quokka bites you.
* * * LOW HITPOINT WARNING * * *
The quokka attacks as you move away! The quokka bites you.
You die...

#...#.#≈.<.≈#.# ....
..#.#.≈...≈.# #...#..#.
..#.#≈...≈#.#..........
####.#.≈≈≈≈≈.#.#.#....#..
#...#.#.#.#.#.#..#.......
#..#.#.#.#.#.#.#.....g..
#.......###..........#
#....................#
#.......###...@K)....#
#.......# #...rh)....#
#.......# #...w.†......#
#####.### #####Kh..##.##
#.# #...... .. #.#
#...#...... #.#
#.......... ....#..b..
...........


You could see a dart slug, a quokka, 2 jackals, a goblin (wandering), a bat and
2 kobolds.

Vanquished Creatures
  2 jackals (D:1)
  A kobold (D:1)
  A goblin (D:1)
4 creatures vanquished.

Notes
Turn   | Place    | Note
-------+----------+-------------------------------------------
     0 | D:1      | vianneychevalier the Minotaur Monk began the quest for the
                  | Orb.
     0 | D:1      | Reached XP level 1. HP: 19/19 MP: 0/0
    48 | D:1      | Slain by a quokka

Illustrated notes

Levels and vault maps discovered:
D:1:      ncdulo_watergridlock, layout_rooms, basic_ecumenical_altar

Action                   || total
-------------------------++-------
Melee: Spear             ||     4
Armor: Robe              ||     1
Dodge: Dodged            ||    10

Table legend: (Time is in decaauts)
 A = Elapsed time spent in this place.
 B = Non-inter-level travel time spent in this place.
 C = Inter-level travel time spent in this place.
 D = Time resting spent in this place.
 E = Time spent auto-exploring this place.
 F = Levels seen in this place.
 G = Mean time per level.
                   A        B        C        D        E       F      G
               +--------+--------+--------+--------+--------+-----+--------+
         Total |     49 |     49 |      0 |      0 |      0 |   1 |   49.0 |
       Dungeon |     49 |     49 |      0 |      0 |      0 |   1 |   49.0 |
               +--------+--------+--------+--------+--------+-----+--------+

Top non-repeatable levels by time:
     D:1: 49 daAuts
